Map: Pilares de oro EE

Players

MrFercho - Winner!

  • Race: Zerg Zerg
  • League: Gold
  • Spawn Location: 1:00

nickkiller

  • Race: Terran Terran
  • League: Gold
  • Spawn Location: 7:00

VOD

Have the link to the VOD?

Description

Time

  • Played on: Aug. 17, 2020, 12:23 a.m.
  • Length: 16:20
Show
View Real Time Build Order
Export as new Build Order

MrFercho Zerg - Winner!

Build Orders: Hatch First, Lurkers, Roach Hydra 

Get SALT Encoding   

  12  0:01  Drone  
  13  0:20  Overlord  
  13  0:21  Drone  
  14  0:41  Drone x2  
  16  1:01  Drone  
  17  1:04  Hatchery  
  17  1:08  Drone  
  17  1:11  Drone  
  18  1:21  Extractor  
  17  1:31  Spawning Pool  
  17  1:32  Drone  
  17  1:36  Drone  
  18  1:40  Drone  
  18  1:46  Drone  
  20  2:01  Drone  
  21  2:12  Drone  
  22  2:18  Queen x2  
  22  2:20  Zergling x2  
  22  2:21  Zergling x2  
  28  2:28  Overlord  
  28  2:36  Overlord  
  28  2:46  Drone x2  
  30  2:52  Drone x2  
  31  3:06  Drone x2  
  32  3:13  Drone x2  
  34  3:25  Drone x2  
  36  3:31  Metabolic Boost  
  36  3:32  Lair  
  36  3:34  Drone x4  
  36  3:38  Queen  
  42  3:41  Drone  
  42  3:42  Overlord  
  43  3:53  Overlord  
  43  3:57  Drone  
  44  4:11  Extractor  
  44  4:13  Extractor  
  42  4:18  Roach Warren  
  42  4:22  Evolution Chamber  
  42  4:23  Overlord, Evolution Chamber  
  39  4:25  Drone x3  
  39  4:26  Drone x2  
  44  4:34  Pneumatized Carapace  
  44  4:36  Drone x2  
  44  4:37  Drone x2  
  47  4:55  Zergling x6  
  47  4:56  Zerg Missile Weapons Level 1  
  50  5:06  Glial Reconstitution  
  50  5:09  Roach x5  
  60  5:37  Spore Crawler  
  60  5:42  Spore Crawler  
  58  5:54  Hydralisk Den  
  57  5:57  Zerg Ground Armor Level 1  
  57  6:00  Roach  
  57  6:01  Roach x4  
  67  6:05  Drone  
  68  6:17  Overseer  
  66  6:49  Zergling x2  
  66  6:51  Overlord x5  
  67  7:17  Hatchery  
  66  7:24  Zerg Missile Weapons Level 2  
  66  7:27  Muscular Augments  
  66  7:31  Drone x4  
  66  7:32  Drone x3  
  73  7:37  Extractor  
  73  7:41  Infestation Pit  
  71  7:44  Hatchery, Queen  
  71  7:48  Queen  
  71  7:49  Overseer  
  74  8:02  Spore Crawler  
  73  8:09  Drone  
  73  8:10  Drone x15  
  88  8:38  Grooved Spines  
  88  8:43  Spore Crawler  
  87  8:50  Overseer  
  87  8:58  Hydralisk  
  87  8:59  Hydralisk x13  
  115  9:12  Hydralisk  
  115  9:13  Hydralisk  
  115  9:15  Overlord x3  
  115  9:16  Overlord  
  119  9:20  Extractor  
  119  9:21  Extractor  
  117  10:15  Drone x2  
  117  10:16  Drone x3  
  117  10:17  Drone x3  
  117  10:18  Overlord x2, Drone  
  126  10:31  Hive, Lurker Den  
  126  10:34  Spire  
  126  10:35  Hatchery  
  123  10:37  Drone  
  123  10:38  Drone x14  
  123  10:41  Hydralisk x2  
  142  10:52  Extractor  
  142  10:56  Overlord  
  142  10:57  Overlord x3  
  140  11:04  Drone  
  140  11:05  Drone x2  
  140  11:09  Overlord  
  140  11:10  Extractor  
  142  11:21  Queen  
  144  11:45  Drone x2  
  144  11:46  Drone x7  
  153  11:53  Lurker x14  
  167  11:55  Adaptive Talons  
  167  11:56  Greater Spire  
  167  12:15  Hydralisk x8  
  167  12:16  Hydralisk x3  
  167  12:17  Zergling x2  
  167  12:18  Zergling x10  
  195  12:36  Hatchery  
  156  12:52  Seismic Spines  
  120  13:05  Hydralisk  
  120  13:06  Hydralisk x18  
  143  13:30  Hydralisk x7  
  143  13:31  Hydralisk x2  
  143  13:57  Hatchery  
  143  13:58  Drone  
  143  13:59  Drone x14  
  157  14:04  Zergling x8  
  161  14:12  Zerg Flyer Weapons Level 1  
  161  14:13  Corruptor x6  
  173  14:19  Zergling x2  
  174  14:35  Extractor  
  174  14:37  Extractor  
  172  14:46  Hydralisk x5  
  172  14:47  Hydralisk x6  
  165  15:40  Brood Lord x4  
  165  15:41  Hydralisk x7  
Show
View Real Time Build Order
Export as new Build Order

nickkiller Terran 

Build Orders: Hellion Banshee 

Get SALT Encoding   

  12  0:00  SCV  
  13  0:12  SCV  
  14  0:19  Supply Depot  
  14  0:24  SCV  
  15  0:42  Barracks  
  15  0:49  SCV  
  16  0:58  Refinery  
  16  1:01  SCV  
  17  1:13  SCV  
  19  1:25  SCV  
  19  1:37  SCV  
  20  1:42  Command Center  
  20  1:44  Reaper  
  21  1:49  SCV  
  22  2:00  Supply Depot  
  22  2:02  SCV  
  23  2:20  Refinery  
  23  2:21  SCV  
  24  2:28  Factory  
  24  2:33  SCV  
  25  2:44  Barracks Reactor  
  25  2:46  SCV  
  26  2:59  Orbital Command  
  26  3:01  Orbital Command  
  25  3:16  Starport  
  25  3:32  SCV  
  26  3:35  Supply Depot, Hellion x2  
  26  3:39  Barracks Tech Lab  
  30  3:44  SCV  
  31  3:56  Hellion x2  
  35  4:05  Banshee  
  35  4:06  Cloaking Field  
  35  4:07  Barracks Tech Lab  
  38  4:13  Armory, Barracks  
  38  4:19  Hellion x2  
  42  4:38  SCV  
  43  4:50  SCV  
  42  5:03  Barracks Tech Lab  
  42  5:12  SCV x2  
  44  5:17  Refinery  
  44  5:20  Supply Depot x2, Siege Tank  
  44  5:21  Infernal Pre-Igniter  
  47  5:24  SCV x2  
  49  5:32  Engineering Bay  
  49  5:34  Barracks Reactor  
  49  5:36  SCV x2  
  51  5:48  SCV x2  
  53  5:51  Supply Depot  
  53  5:53  Supply Depot  
  53  6:00  SCV x2  
  55  6:12  SCV  
  55  6:13  SCV  
  54  6:23  Marine x2  
  54  6:24  SCV, Marauder  
  54  6:25  SCV  
  58  6:31  Siege Tank  
  59  6:34  Banshee  
  59  6:37  SCV x2  
  64  6:41  Marine  
  64  6:42  Terran Infantry Weapons Level 1, Barracks  
  64  6:45  Marauder  
  67  6:54  Refinery  
  67  6:55  Supply Depot  
  67  7:02  Supply Depot  
  67  7:03  Supply Depot x2, Siege Tank  
  67  7:07  Marauder  
  67  7:08  Command Center  
  72  7:09  Stimpack  
  72  7:13  Marine x2  
  72  7:17  Banshee  
  75  7:25  SCV  
  75  7:28  Marauder  
  78  7:32  Fusion Core  
  78  7:37  Barracks Reactor  
  78  7:38  SCV, Engineering Bay  
  78  7:39  Marine x2  
  81  7:49  Marauder  
  83  7:57  Marine x2  
  83  7:58  Command Center  
  85  8:11  Marauder  
  87  8:14  Terran Vehicle Weapons Level 1  
  87  8:15  Terran Infantry Armor Level 1  
  87  8:20  Marine x4  
  87  8:32  Marauder  
  89  8:37  Marine  
  89  8:39  Marine x2  
  92  8:48  Combat Shield  
  92  8:54  Marauder  
  94  8:58  Marine x4  
  95  9:13  Refinery  
  95  9:15  Marauder  
  97  9:27  Orbital Command  
  97  9:30  Refinery  
  97  9:31  Weapon Refit  
  97  9:33  Battlecruiser  
  97  9:34  Missile Turret, Sensor Tower  
  97  9:35  Missile Turret  
  97  9:36  Marauder  
  105  9:39  Marine x3  
  105  9:40  Marine  
  109  9:49  Starport  
  109  9:57  Marine  
  109  9:58  Marauder  
  112  10:07  Concussive Shells  
  112  10:14  Orbital Command  
  112  10:16  Marine x2  
  112  10:17  Marine x2  
  112  10:19  Marauder  
  118  10:32  Supply Depot  
  118  10:33  Supply Depot  
  118  10:35  Supply Depot  
  118  10:40  Marauder  
  120  10:47  Terran Infantry Weapons Level 2  
  120  10:48  Terran Infantry Armor Level 2  
  120  10:50  Barracks Reactor, Medivac  
  120  10:51  Medivac  
  120  10:53  Marine x2  
  126  10:59  Siege Tank  
  126  11:02  Marauder  
  131  11:04  Factory  
  131  11:10  Marine  
  131  11:11  Marine  
  133  11:23  Marauder  
  135  11:28  Marine x2  
  135  11:29  Supply Depot  
  135  11:30  Supply Depot  
  135  11:31  Marine x2, Siege Tank  
  142  11:38  Battlecruiser  
  148  11:45  Marauder  
  148  11:46  Marine x2  
  152  11:49  Marine x2  
  154  11:54  SCV  
  154  11:57  SCV x3  
  158  12:06  SCV, Marauder  
  161  12:09  SCV x2  
  163  12:18  SCV  
  163  12:21  SCV  
  165  12:27  Marauder  
  167  12:33  SCV  
  168  12:45  SCV  
  168  12:46  Marine x3  
  168  12:47  Marine  
  168  12:48  Liberator x2  
  168  12:49  Marauder  
  133  13:10  Marauder  
  128  13:19  Marine x2  
  130  13:20  Marine, Siege Tank  
  130  13:23  Widow Mine  
  116  13:32  Marauder  
  103  13:44  Widow Mine  
  96  13:52  Refinery  
  96  13:53  SCV x3, Marauder, Siege Tank  
  96  13:54  Refinery  
  96  13:55  Marine x3  
  106  13:57  Battlecruiser, Medivac x2  
  117  14:04  Barracks  
  117  14:06  Barracks  
  117  14:09  Factory Reactor  
  117  14:14  Marauder  
  119  14:24  Thor  
  119  14:26  Marine x3  
  119  14:27  Marine  
  129  14:34  Sensor Tower  
  129  14:36  SCV, Marauder  
  129  14:37  SCV x2  
  129  14:38  SCV  
  135  14:44  Marine  
  136  14:49  SCV  
  136  14:51  Marine x4  
  141  14:55  Widow Mine x2  
  141  14:57  Marauder  
  147  15:01  Battlecruiser  
  147  15:02  Marine  
  147  15:07  Thor  
  147  15:09  Marine x2  
  139  15:16  Widow Mine x2  
  139  15:18  Marauder  
  119  15:26  Marine  
  119  15:27  Marine x2  
  103  15:32  Marine x3  
  92  15:37  Widow Mine  
  92  15:40  Marauder  
  91  15:44  Marine x2  
  91  15:45  Marine  
  91  15:49  Marine  
  87  15:50  Marine x2  
Tags
 
Add a new tag
Caveats
  • Supply blocks, unpowered buildings, or Contaminate may cause inaccurate times.
  • Supply counts are checked every 10 seconds.